 Dungeon Crawl Stone Soup version 0.26-a0-149-g49b1be5409 (webtiles) character file.

Game seed: 15382906165605362925

6824 Gargoyl the Cleaver (level 10, -6/78 HPs)
             Began as a Centaur Abyssal Knight on June 30, 2020.
             Was a High Priest of Lugonu.
             Mangled by an ogre
             ... wielding a +0 giant club
              (10 damage)
             ... on level 9 of the Dungeon.
             The game lasted 00:15:08 (11921 turns).

Gargoyl the Cleaver (Centaur Abyssal Knight)       Turns: 11921, Time: 00:15:09

Health: -6/78      AC: 26    Str: 17    XL:     10   Next: 77%
Magic:  15/15      EV:  6    Int: 11    God:    Lugonu [*****.]
Gold:   543        SH:  3    Dex: 10    Spells: 9/9 levels left

rFire    + . .     SeeInvis .   t - +4 hand axe
rCold    . . .     Faith    .   H - +0 buckler
rNeg     . . .     Spirit   .   e - +2 scale mail {MR+}
rPois    .         Reflect  .   b - +1 hat
rElec    .         Harm     .   y - +0 cloak
rCorr    .                      s - +3 pair of gloves of Fuskit {rF+ Slay+2}
MR       +....                  g - +4 centaur barding
Stlth    ..........             (no amulet)
HPRegen  0.23/turn              o - ring of stealth
MPRegen  0.14/turn              (no ring)

@: very quick
A: large, beak, hooves 3, rugged brown scales 1, deformed body, speed 2, frail
1, tough skin 3, MP-powered wands
a: Depart the Abyss, Bend Space, Banish, Corrupt, Enter the Abyss, Renounce
Religion


You were on level 9 of the Dungeon.
You worshipped Lugonu.
Lugonu was extremely pleased with you.
You were not hungry.

You visited 1 branch of the dungeon, and saw 9 of its levels.
You visited the Abyss 1 time.
You also visited: Sewer and Ossuary.

You collected 692 gold pieces.
You spent 149 gold pieces at shops.

Inventory:

Hand Weapons
 a - a +3 hand axe
 t - a +4 hand axe (weapon)
Missiles
 A - 4 silver boomerangs (quivered)
Armour
 b - a +1 hat (worn)
 e - a +2 scale mail of magic resistance (worn)
 g - a +4 centaur barding (worn)
 s - the +3 pair of gloves of Fuskit (worn) {rF+ Slay+2}
   (You found it on level 5 of the Dungeon)

   It affects your accuracy and damage with ranged weapons and melee attacks
   (+2).
   It protects you from fire.
 y - a +0 cloak (worn)
 H - a +0 buckler (worn)
Jewellery
 o - a ring of stealth (left hand)
Wands
 p - a wand of paralysis (3)
 x - a wand of acid (11)
 B - a wand of disintegration (6)
 E - a wand of flame (24)
 F - a wand of iceblast (8)
Scrolls
 h - 2 scrolls of blinking
 i - 13 scrolls of remove curse
 j - a scroll of identify
 k - 9 scrolls of teleportation
 q - a scroll of magic mapping
 u - a scroll of fear
Potions
 d - 2 potions of magic
 f - 2 potions of flight
 l - 2 potions of brilliance {unknown}
 m - 2 potions of ambrosia
 n - 2 potions of lignification
 r - 7 potions of curing
 v - 2 potions of stabbing {unknown}
 w - 2 potions of might {unknown}
 z - 2 potions of haste
 C - a potion of resistance {unknown}
 D - a potion of invisibility
Comestibles
 c - 13 rations
 G - 2 chunks of flesh


   Skills:
 + Level 6.3 Fighting
 + Level 8.5 Axes
 * Level 6.8 Armour
 * Level 4.9 Dodging
 + Level 0.2 Shields
 * Level 7.3 Invocations


You had 9 spell levels left.
You didn't know any spells.
Your spell library contained the following spells:

 Spells                   Type           Power        Failure   Level  Hunger
 Magic Dart               Conj           #...         86%         1    ##.....
 Sandblast                Erth           #.....       86%         1    ##.....
 Blink                    Tloc           N/A          94%         2    ###....
 Call Imp                 Summ           #.......     94%         2    ###....
 Passwall                 Tmut/Erth      #.......     94%         2    ###....
 Slow                     Hex            #.......     94%         2    ###....
 Confusing Touch          Hex            #.......     99%         3    ####...
 Conjure Flame            Conj/Fire      #.......     99%         3    ####...
 Gell's Gravitas          Tloc           #.........   99%         3    ####...
 Mephitic Cloud           Conj/Pois/Air  #.......     99%         3    ####...
 Stone Arrow              Conj/Erth      #.....       99%         3    ####...
 Petrify                  Tmut/Erth      #.......     100%        4    #####..
 Lee's Rapid Deconstruct  Erth           #.........   100%        5    ######.
 Metabolic Englaciation   Hex/Ice        #.........   100%        5    ######.
 Yara's Violent Unravell  Hex/Tmut       #.........   100%        5    ######.


Dungeon Overview and Level Annotations

Branches:
Dungeon (9/15)             Temple (0/1) D:6            Lair (0/6) D:8
    Orc (0/2) D:9           Sewer (visited)         Ossuary (visited)

Altars:
Elyvilon
Fedhas
Gozag
Kikubaaqudgha
Makhleb
Nemelex Xobeh
Zin

Shops:
D:4 [   D:9 *

Annotations:
D:9 MarredHen's ghost, novice KoHu


Innate Abilities, Weirdness & Mutations

You have hooves in place of feet.
Armour fits poorly on your strangely shaped body.
You cover ground very quickly.
You have extremely tough skin. (AC +3)
You have a beak for a mouth.
You are partially covered in rugged brown scales. (AC +1, +3% HP)
You are frail. (-10% HP)
You expend magic power (3 MP) to strengthen your wands.


Message History

You barely miss the two-headed ogre.
The two-headed ogre is heavily wounded.
You slash the ogre!
Unknown command.
You closely miss the two-headed ogre.
The two-headed ogre is heavily wounded.
You hit the ogre.
The two-headed ogre hits you with a +0 giant spiked club!
The two-headed ogre hits you but does no damage.
The ogre hits you with a +0 giant club!
Unknown command.
You slash the two-headed ogre!
The two-headed ogre is severely wounded.
You hit the ogre.
The two-headed ogre hits you with a +0 giant spiked club!!
* * * LOW HITPOINT WARNING * * *
The two-headed ogre hits you with a +0 giant club.
* * * LOW HITPOINT WARNING * * *
The ogre hits you with a +0 giant club!
You die...

..........'#############.##....#
..........##.....©.W..©#.##....#
##..########..##...##..#.......#
##..###....#.#..#.#..#.#.......#
......#....#.#..#.#..#.#.......#
......#....#..##...##..#.##....#
......#....#...OOOO....#.#######
#######....#############.......#
#.......###....O@O©............#
#.......#...#..#......#..###)###
#.......#...#..#......#..##.)..#
#.......#...#..#......#..'.....#
........#...#..#......#..##....#
........#...'..#......#..##....#
........#..##..#......#..#######
.......##..##..#......#...#
#......#...#...#......#...#


You could see 3 two-headed ogres and 3 ogres.

Vanquished Creatures
  A two-headed ogre (D:8)
  Pikel (D:4)
  An elephant (D:7)
  Joseph (D:9)
  Maurice (D:8)
  A hornet (D:7)
  A hippogriff (D:9)
  A yak (D:8)
  A spriggan (D:7)
  A human (D:8)
  A hungry ghost (D:8)
  A warg (D:8)
  2 orc warriors
  2 sky beasts
  2 ice beasts
  A black bear (D:9)
  A necrophage (D:7)
  3 phantoms
  An ogre (D:7)
  3 crocodiles
  A centaur (D:6)
  An elf zombie (D:4)
  3 bullfrogs
  3 scorpions
  5 killer bees
  6 howler monkeys
  4 centaur zombies (Ossuary)
  3 orc wizards
  A jelly (D:6)
  3 orc priests
  A gnoll shaman (D:9)
  4 hounds
  A centaur skeleton (D:5)
  A bullfrog skeleton (D:8)
  2 iguanas
  Ijyb (D:3)
  2 human skeletons (D:4)
  6 worker ants
  2 big kobold zombies (Ossuary)
  An ogre zombie (Ossuary)
  7 mummies (Ossuary)
  A worker ant zombie (D:7)
  A river rat (D:3)
  15 adders
  6 gnolls
  A howler monkey skeleton (D:6)
  2 shadow imps
  An ooze (D:3)
  3 adder zombies (Ossuary)
  3 adder skeletons
  2 worms (D:3)
  A dart slug (D:3)
  7 leopard geckos
  18 orcs
  4 bats
  A bat zombie (D:2)
  13 giant cockroaches
  7 goblins
  9 hobgoblins
  12 jackals
  10 kobolds
  2 quokkas
  4 frilled lizards
  A giant cockroach zombie (D:5)
  4 goblin zombies (Ossuary)
  7 hobgoblin zombies (Ossuary)
  A kobold zombie (Ossuary)
  3 orc skeletons (D:4)
  A quokka skeleton (D:2)
  4 quokka zombies (Ossuary)
  5 rats
  4 rat zombies (Ossuary)
238 creatures vanquished.

Vanquished Creatures (others)
  A hornet (D:7)
  A slave (D:4)
  An ogre (D:4)
  A hound (D:4)
  A worker ant (D:4)
  A giant cockroach (D:4)
6 creatures vanquished.

Grand Total: 244 creatures vanquished

Notes
Turn   | Place    | Note
-------+----------+-------------------------------------------
     0 | Abyss:1  | Gargoyl the Centaur Abyssal Knight began the quest for the
                  | Orb.
     0 | Abyss:1  | Reached XP level 1. HP: 19/19 MP: 2/2
    54 | Abyss:1  | Noticed a neqoxec
    64 | Abyss:1  | Noticed a quasit
    79 | Abyss:1  | Noticed a small abomination
   110 | Abyss:1  | Noticed a small abomination
   117 | Abyss:1  | Noticed a deep elf demonologist
   259 | Abyss:2  | Noticed a chaos spawn
   263 | Abyss:2  | Noticed a raiju
   264 | D:1      | Escaped the Abyss
   375 | D:1      | Reached * piety under Lugonu
   389 | D:1      | Reached XP level 2. HP: 24/26 MP: 3/3
  1096 | D:2      | Reached skill level 2 in Axes
  1099 | D:2      | Reached skill level 1 in Dodging
  1104 | D:2      | Reached XP level 3. HP: 28/31 MP: 4/4
  1355 | D:2      | Reached ** piety under Lugonu
  1404 | D:2      | Reached XP level 4. HP: 39/39 MP: 5/5
  2080 | D:3      | Found a glowing drain.
  2087 | Sewer    | Entered a sewer
  2245 | Sewer    | Reached XP level 5. HP: 36/46 MP: 7/7
  2397 | Sewer    | Noticed a crocodile
  2424 | Sewer    | Killed a crocodile
  2701 | D:3      | Reached *** piety under Lugonu
  2790 | D:3      | Reached skill level 3 in Axes
  3031 | D:3      | Noticed Ijyb
  3047 | D:3      | Killed Ijyb
  3047 | D:3      | Reached XP level 6. HP: 52/52 MP: 8/8
  3591 | D:4      | Found a sand-covered staircase.
  3606 | Ossuary  | Entered an ossuary
  3859 | Ossuary  | Reached XP level 7. HP: 23/59 MP: 9/9
  4199 | Ossuary  | Reached skill level 4 in Axes
  4389 | Ossuary  | Reached **** piety under Lugonu
  4681 | D:4      | Noticed Pikel
  4722 | D:4      | Killed Pikel
  4722 | D:4      | Reached skill level 5 in Axes
  4722 | D:4      | Reached XP level 8. HP: 23/67 MP: 9/11
  5354 | D:4      | Found Gujoxo Fipn's Armour Boutique.
  5357 | D:4      | Bought a +0 pair of gloves of dexterity for 149 gold pieces
  5886 | D:5      | Entered Level 5 of the Dungeon
  6213 | D:5      | Got a pair of spiked gloves
  6224 | D:5      | Identified the +3 pair of gloves of Fuskit {rF+ Slay+2}
                  | (You found it on level 5 of the Dungeon)
  6450 | D:5      | Found a sparkling altar of Nemelex Xobeh.
  6451 | D:5      | Found a burning altar of Makhleb.
  6453 | D:5      | Found an ancient bone altar of Kikubaaqudgha.
  6453 | D:5      | Found an opulent altar of Gozag.
  6455 | D:5      | Found a blossoming altar of Fedhas.
  6455 | D:5      | Found a white marble altar of Elyvilon.
  6456 | D:5      | Found a glowing silver altar of Zin.
  6927 | D:6      | Reached skill level 5 in Invocations
  7005 | D:6      | Gained mutation: Your flesh is heat resistant. (rF+)
                  | [potion of mutation]
  7005 | D:6      | Gained mutation: You are weak. (Str -2) [potion of
                  | mutation]
  7005 | D:6      | Gained mutation: You are partially covered in rugged brown
                  | scales. (AC +1, +3% HP) [potion of mutation]
  7005 | D:6      | Gained mutation: You have a beak for a mouth. [potion of
                  | mutation]
  7015 | D:6      | Found a staircase to the Ecumenical Temple.
  7437 | D:6      | Reached skill level 5 in Fighting
  7437 | D:6      | Reached skill level 6 in Axes
  7452 | D:6      | Lost mutation: You are weak. (Str -2) [potion of mutation]
  7452 | D:6      | Lost mutation: Your flesh is heat resistant. (rF+) [potion
                  | of mutation]
  7452 | D:6      | Gained mutation: You are frail. (-10% HP) [potion of
                  | mutation]
  7452 | D:6      | Gained mutation: You expend magic power (3 MP) to
                  | strengthen your wands. [potion of mutation]
  7748 | D:7      | Reached ***** piety under Lugonu
  7748 | D:7      | Reached XP level 9. HP: 68/68 MP: 11/13
  7872 | D:7      | Reached skill level 5 in Armour
  7950 | D:7      | Paralysed by a hornet for 1 turns
  8373 | D:7      | Reached skill level 7 in Axes
  9290 | D:8      | Noticed an elephant
  9513 | D:8      | Noticed a two-headed ogre
  9551 | D:8      | Got a masterwork scale mail
  9563 | D:8      | Identified the +0 scale mail of Insecurity {Slay+5} (You
                  | found it on level 8 of the Dungeon)
  9797 | D:8      | Noticed Maurice
  9817 | D:8      | Reached XP level 10. HP: 37/77 MP: 14/14
  9819 | D:8      | Killed Maurice
  9870 | D:7      | Killed an elephant
 10181 | D:8      | Found a staircase to the Lair.
 10286 | D:8      | Killed a two-headed ogre
 10286 | D:8      | Reached skill level 8 in Axes
 10659 | D:9      | Found a staircase to the Orcish Mines.
 11341 | D:9      | Noticed Joseph
 11368 | D:9      | Killed Joseph
 11486 | D:9      | Noticed MarredHen's ghost (novice KoHu)
 11487 | D:9      | Found a transporter.
 11487 | D:9      | Noticed a two-headed ogre
 11487 | D:9      | Identified the +7 great mace "Uckoomp" {antimagic, Str-3
                  | Dex+5}
 11487 | D:9      | Identified the +6 dire flail "Xoqubel" {drain, rElec rC+}
 11487 | D:9      | Noticed a two-headed ogre
 11526 | D:9      | Found a transporter.
 11529 | D:9      | Noticed a two-headed ogre
 11588 | D:9      | Found an opulent altar of Gozag.
 11597 | D:9      | Found Gozag's Platinum Reserve.
 11921 | D:9      | Mangled by an ogre

Illustrated notes

Levels and vault maps discovered:
D:1:      tarquinn_simple_flora_water_a, layout_loops_ring,
          roderic_roman_lattice, st_stairs_14
D:2:      layout_basic, serial_undead, serial_undead_e, serial_undead_f,
          serial_undead_d, serial_undead_d, dk_noncrumbling_4, st_stairs_14
D:3:      layout_loops_ring, gup_sewer_entry_bubbles, uniq_ijyb
D:4:      kennysheep_six_static_rooms, layout_loops_corners, serial_shops, shop,
          nicolae_ossuary_entry_catacombs, uniq_pikel
D:5:      layout_gridville, grunt_temple_overflow_open, first_ration,
          chequers_serial_rivers_small_b
D:6:      layout_basic, minmay_temple_entry_tees, abandoned_shop
D:7:      layout_cave_pods, the_bakery
D:8:      layout_basic, david_lair_generic, uniq_maurice
D:9:      layout_gridville, erik_orc_4, gammafunk_ghost_smash,
          nicolae_gozag_zags_fifth_avenue, uniq_joseph

Skill      XL: |  1  2  3  4  5  6  7  8  9 10 |
---------------+-------------------------------+-----
Axes           | 2 3 5 6 7 8 |  8.5
Dodging        | 1 2 3 4 |  4.9
Armour         | 2 3 4 5 6 |  6.8
Invocations    | 3 4 5 6 7 |  7.3
Fighting       | 4 5 6 |  6.3
Shields        | |  0.2

Action                   |  1- 3 |  4- 6 |  7- 9 | 10-12 || total
-------------------------+-------+-------+-------+-------++-------
Melee: Hand axe          |    72 |   216 |   458 |   130 ||   876
       Kick              |    12 |    40 |   114 |    38 ||   204
       Peck              |       |       |    31 |    22 ||    53
Invok: Depart the Abyss  |     1 |       |       |       ||     1
       Banish            |       |       |     1 |       ||     1
  Use: Scroll            |     5 |     6 |    10 |     1 ||    22
       Potion            |     1 |     3 |     6 |       ||    10
 Stab: Invisible         |       |       |     1 |       ||     1
  Eat: Chunk             |     1 |     6 |    16 |     8 ||    31
       Ration            |       |       |     1 |       ||     1
Armor: Scale mail        |    52 |   130 |   354 |   104 ||   640
       Skin              |       |     9 |       |       ||     9
Dodge: Dodged            |    36 |    72 |   141 |    32 ||   281
Block: Buckler           |       |       |       |    11 ||    11

Table legend:
 A = Non-vault XP
 B = Vault XP
 C = Vault XP percentage of total XP
 D = Non-vault monster count
 E = Vault monster count
 F = Vault count percentage of total count
                 A         B        C        D         E       F
            +---------+---------+-------+---------+---------+-------
      Total |    5703 |    4046 |  41.5 |     151 |      88 |  36.8
            +---------+---------+-------+---------+---------+-------
        D:1 |      23 |       4 |  14.8 |      13 |       2 |  13.3
        D:2 |     111 |      11 |   9.0 |      24 |       5 |  17.2
        D:3 |     118 |      69 |  36.9 |      26 |       8 |  23.5
        D:4 |     118 |     747 |  86.4 |       6 |       8 |  57.1
        D:5 |     310 |       0 |   0.0 |      10 |       0 |   0.0
        D:6 |     691 |       0 |   0.0 |      13 |       0 |   0.0
        D:7 |    1951 |     792 |  28.9 |      33 |       3 |   8.3
        D:8 |    1520 |    1122 |  42.5 |      12 |       6 |  33.3
        D:9 |     861 |     758 |  46.8 |      14 |      13 |  48.1
      Sewer |       0 |     120 | 100.0 |       0 |       6 | 100.0
    Ossuary |       0 |     423 | 100.0 |       0 |      37 | 100.0
            +---------+---------+-------+---------+---------+-------
